cohdb
Replays
Latest Replays
All Replays
Popular Replays
Top Player Replays
Match Explorer
How It Works
Community
CoH3 Stats
Reddit
Sign in to upload your games and track your stats! →
Sign in with Steam
Match 42638263
Unlisted
Match 42638263
Overview
Messages
Build Orders
End
Construct Infanterie Kompanie
Kettenkrad Recon Vehicle
MG 42 Machine Gun Team
MG 42 Machine Gun Team
Selects Terror Battlegroup
Selects Machine Gun Camouflage
Grenadier Squad
Grenadier Squad
Construct Luftwaffe Kompanie
Selects Interrogate
GrW 34 Mortar Team
Medical Station
Jäger Squad
Support Elements
MG 42 Machine Gun Team
Wirbelwind Flakpanzer
Wirbelwind Flakpanzer
Selects Defend the Fatherland
Pioneer Squad
Luftwaffe Officer Quarters
Pioneer Squad
Side Skirts
Jäger Squad
Wirbelwind Flakpanzer
SSX
rpadi
Surveillance-Buoy 2
MonoChrome
0
0
Comments
sign in to comment!
No comments posted yet!